 Dungeon Crawl Stone Soup version 0.19.1 (webtiles) character file.

80 Slime the Grave Robber (level 4, -6/24 HPs)
             Began as a Deep Elf Necromancer on Dec 25, 2016.
             Mangled by Sigmund
             ... wielding a +0 scythe
              (12 damage)
             ... on level 2 of the Dungeon.
             The game lasted 00:05:52 (1650 turns).

Slime the Grave Robber (Deep Elf Necromancer)       Turns: 1650, Time: 00:05:52

Health: -6/24      AC:  2    Str:  5      XL:     4   Next: 18%
Magic:  6/10       EV: 13    Int: 20 (21) God:
Gold:   157        SH:  0    Dex: 14 (15) Spells: 4 memorised, 1 level left

rFire  + . .     SeeInvis .     g - +0 dagger
rCold  + . .     Gourm    .     a - +0 robe
rNeg   . . .     Faith    .     (no shield)
rPois  +         Spirit   .     (no helmet)
rElec  +         Reflect  .     (no cloak)
rCorr  +         Harm     .     (no gloves)
MR     .....                    (no boots)
Stlth  ++........               (no amulet)
                                (no ring)
                                (no ring)

@: resistant
A: no striking features
a: no special abilities


You were on level 2 of the Dungeon.
You were very hungry.

You visited 1 branch of the dungeon, and saw 2 of its levels.

You collected 157 gold pieces.

Inventory:

Hand Weapons
 g - a +0 dagger (weapon)
Armour
 a - a +0 robe (worn)
Scrolls
 e - a scroll of identify {unknown}
Potions
 h - a potion of berserk rage {unknown}
 i - a potion of invisibility {unknown}
Books
 b - a book of Necromancy

   Spells                             Type                      Level
   a - Pain                           Necromancy                   1
   b - Animate Skeleton               Necromancy                   1
   c - Vampiric Draining              Necromancy                   3
   d - Regeneration                   Charms/Necromancy            3
   e - Animate Dead                   Necromancy                   4
   f - Control Undead                 Necromancy                   4
Comestibles
 c - 3 bread rations
 f - 3 fruits


   Skills:
 - Level 2.4 Dodging
 - Level 2.4 Stealth
 - Level 3.0 Spellcasting
 - Level 3.2 Charms
 * Level 6.2 Necromancy


You had one spell level left.
You knew the following spells:

 Your Spells              Type           Power        Failure   Level  Hunger
a - Pain                  Necr           ####         1%          1    None
b - Animate Skeleton      Necr           N/A          1%          1    None
c - Vampiric Draining     Necr           ####......   3%          3    ###....
d - Regeneration          Chrm/Necr      ###.......   10%         3    ###....


Dungeon Overview and Level Annotations

Branches:
Dungeon (2/15)

Altars:

Annotations:
D:2 Sigmund


Message History

You feel less confused. Something hits you!
Ouch! That really hurt!
* * * LOW HITPOINT WARNING * * *
Casting: Pain
Confirm with . or Enter, or press ? or * to list all spells.
You can't see any susceptible monsters within range! (Use Z to cast anyway.) It was a potion of resistance.
You feel protected. Something hits you but does no damage.
Okay, then.
Casting: Pain
Confirm with . or Enter, or press ? or * to list all spells.
You can't see any susceptible monsters within range! (Use Z to cast anyway.)
Casting: Pain
Confirm with . or Enter, or press ? or * to list all spells.
Okay, then.
Something hits you!
Ouch! That really hurt!
You die...

# #...#.............##.##. #
#.........#.#...#.##.##. #
#...#######.#####....... #####
##.## #.# ####.### ....# #.# #+##
#.# ###.# #.# #..[## #.# # #.#
##.# ##.....## #.## # #.# ###..#
##.{...?.# #..##
###.####....####@........####...#
...............'..†......+.......
.##.####....####.........####...#
....# #.#.## ##.......# #....
.#### #.### ##.....## ##### ##
#.# #...## # #.# #+## # #.### #.#
# #...# #.# #


There were no monsters in sight!

Vanquished Creatures
  A gnoll (D:1)
  2 adders (D:2)
  2 oozes (D:2)
  A leopard gecko (D:2)
  6 bats
  A giant cockroach (D:1)
  4 goblins
  3 hobgoblins
  5 jackals (D:1)
  6 kobolds
  A quokka (D:2)
  A frilled lizard (D:2)
  7 rats
40 creatures vanquished.

Vanquished Creatures (collateral kills)
  A goblin (D:1)
  A jackal (D:1)
  A rat (D:1)
3 creatures vanquished.

Grand Total: 43 creatures vanquished

Notes
Turn   | Place    | Note
-------+----------+-------------------------------------------
     0 | D:1      | Slime the Deep Elf Necromancer began the quest for the Orb.
     0 | D:1      | Reached XP level 1. HP: 10/10 MP: 6/6
    36 | D:1      | Reached skill level 5 in Necromancy
    84 | D:1      | Learned a level 1 spell: Animate Skeleton
   312 | D:1      | Reached XP level 2. HP: 12/15 MP: 6/8
   622 | D:1      | Reached skill level 6 in Necromancy
   728 | D:1      | Reached XP level 3. HP: 13/19 MP: 7/9
   884 | D:1      | Learned a level 3 spell: Vampiric Draining
   888 | D:1      | Learned a level 3 spell: Regeneration
  1152 | D:2      | Reached skill level 1 in Charms
  1623 | D:2      | Reached XP level 4. HP: 21/24 MP: 7/10
  1635 | D:2      | Noticed Sigmund
  1650 | D:2      | Mangled by Sigmund

Skill      XL: |  1  2  3  4 |
---------------+-------------+-----
Necromancy     | 5 6 |  6.2
Charms         | 2 3 |  3.2
Dodging        | |  2.4
Stealth        | |  2.4
Spellcasting   | |  3.0

Action                   |  1- 3 |  4- 6 || total
-------------------------+-------+-------++-------
Melee: Dagger            |     2 |       ||     2
 Cast: Pain              |    52 |     5 ||    57
       Animate Skeleton  |     8 |       ||     8
       Vampiric Draining |     5 |       ||     5
  Use: Scroll            |     4 |       ||     4
       Potion            |     4 |     1 ||     5
  Eat: Chunk             |     1 |       ||     1
Armor: Robe              |     8 |     1 ||     9
Dodge: Dodged            |    24 |     2 ||    26
